 Dungeon Crawl Stone Soup version 0.20.1-1-g8b1a95d (webtiles) character file.

84 renl the Stinger (level 4, 33/33 HPs)
             Began as a Draconian Venom Mage on Aug 1, 2017.
             Quit the game on level 2 of the Dungeon on Aug 3, 2017.
             The game lasted 00:13:36 (1091 turns).

renl the Stinger (Draconian Venom Mage)             Turns: 1091, Time: 00:13:37

Health: 33/33      AC:  5    Str: 10    XL:     4   Next: 24%
Magic:  5/7        EV: 12    Int: 16    God:
Gold:   115        SH:  0    Dex: 12    Spells: 6/7 levels left

rFire    . . .     SeeInvis .   (no weapon)
rCold    . . .     Gourm    .   (no shield)
rNeg     . . .     Faith    .   (armour unavailable)
rPois    .         Spirit   .   (helmet restricted)
rElec    .         Reflect  .   g - scarf {repulsion}
rCorr    .         Harm     .   (no gloves)
MR       .....                  (no boots)
Stlth    ++........             (no amulet)
Regen    0.2/turn               (no ring)
MPRegen  0.1/turn               (no ring)

@: repel missiles
A: unfitting armour, cold-blooded, AC +5
a: no special abilities


You were on level 2 of the Dungeon.
You were not hungry.

You visited 1 branch of the dungeon, and saw 2 of its levels.

You collected 115 gold pieces.

Inventory:

Armour
 g - a scarf of repulsion (worn)
Scrolls
 e - 3 scrolls of teleportation {unknown}
 h - 2 scrolls of identify {unknown}
 i - 2 scrolls of recharging {unknown}
Potions
 c - a potion of berserk rage {unknown}
 f - a potion of lignification {unknown}
Books
 a - a Young Poisoner's Handbook

   Spells                             Type                      Level
   a - Sting                          Conjuration/Poison           1
   b - Poisonous Vapours              Poison/Air                   2
   c - Mephitic Cloud                 Conjuration/Poison/Air       3
   d - Olgreb's Toxic Radiance        Poison                       4
   e - Venom Bolt                     Conjuration/Poison           5
Comestibles
 b - 4 bread rations
 d - a chunk of flesh


   Skills:
 - Level 1.7 Dodging
 - Level 1.7 Stealth
 - Level 2.0 Spellcasting
 - Level 1.0 Conjurations
 + Level 5.1 Poison Magic


You had 6 spell levels left.
You knew the following spells:

 Your Spells              Type           Power        Failure   Level  Hunger
a - Sting                 Conj/Pois      ##..         6%          1    #......


Dungeon Overview and Level Annotations

Branches:
Dungeon (2/15)

Altars:
Cheibriados
Sif Muna

Annotations:
D:2 Sigmund


Innate Abilities, Weirdness & Mutations

Your plain brown scales are hard. (AC +5)
You cannot fit into any form of body armour.
You are cold-blooded and may be slowed by cold attacks.


Message History

Aiming: Sting
Press: ? - help, Shift-Dir - straight line, f - goblin
Aim: a goblin, wielding a dagger The sting misses the goblin.
Casting: Sting
Confirm with . or Enter, or press ? or * to list all spells.
Aiming: Sting
Press: ? - help, Shift-Dir - straight line, f/p - goblin
Aim: a goblin, wielding a dagger The sting hits the goblin.
The goblin is poisoned.
The goblin is severely wounded.
You kill the goblin!
No target in view!
No target in view!
No target in view!
Okay, then.
Level annotation: Sigmund Welcome back, renl the Draconian Venom Mage.
Press ? for a list of commands and other information.
Are you sure you want to abandon this character and quit the game? (Confirm with "yes".)

#...........#.#.#......#
##.#.#.####.#.#.###.#..#
#.#.#)# #.#.#.....#.##
#.#.#.####.#.#######.#
#.#.#.#....#.# #.#
##.#.#.#.##.#.# #.#
#.............# #.#
####.#)#.############.#
#.#.@..............#
#.###.############## #.#
#.# #.###.##.#
#...#....#
###.#################
#.....).....>......
###################


There were no monsters in sight!

Vanquished Creatures
  Jessica (D:2)
  2 adders (D:2)
  2 dart slugs (D:2)
  A worm (D:2)
  4 giant cockroaches
  4 goblins (D:2)
  3 hobgoblins (D:2)
  A quokka (D:2)
  2 ball pythons (D:2)
  6 bats
  3 kobolds (D:1)
  8 rats (D:1)
37 creatures vanquished.

Notes
Turn   | Place    | Note
-------+----------+-------------------------------------------
     0 | D:1      | renl the Draconian Venom Mage began the quest for the Orb.
     0 | D:1      | Reached XP level 1. HP: 14/14 MP: 3/3
   192 | D:1      | Reached XP level 2. HP: 13/20 MP: 5/5
   405 | D:2      | Noticed Sigmund
   434 | D:2      | Reached skill level 4 in Poison Magic
   468 | D:2      | Reached XP level 3. HP: 14/26 MP: 0/6
   749 | D:2      | Found a snail-covered altar of Cheibriados.
   750 | D:2      | Found a deep blue altar of Sif Muna.
   818 | D:2      | Noticed Jessica
   825 | D:2      | Killed Jessica
   825 | D:2      | Reached skill level 5 in Poison Magic
   825 | D:2      | Reached XP level 4. HP: 33/33 MP: 2/7
  1091 | D:2      | Quit the game

Skill      XL: |  1  2  3 |
---------------+----------+-----
Poison Magic   | 4 5 |  5.1
Dodging        | |  1.7
Stealth        | |  1.7
Spellcasting   | |  2.0
Conjurations   | |  1.0

Action                   |  1- 3 |  4- 6 || total
-------------------------+-------+-------++-------
Melee: Unarmed           |    79 |    10 ||    89
       Tailslap          |     9 |     2 ||    11
 Cast: Sting             |    41 |     9 ||    50
 Stab: Sleeping          |     1 |       ||     1
  Eat: Chunk             |     1 |     1 ||     2
Armor: Skin              |    45 |     5 ||    50
Dodge: Dodged            |   101 |     7 ||   108
       Deflected         |     2 |       ||     2
